 Dungeon Crawl Stone Soup version 0.31-a0-986-g5e6e4ef867 (webtiles) character file.

Game seed: 7634290280789251441

5463 pokeman the Thaumaturge (level 10, -21/56 HPs)
             Began as a Deep Elf Hedge Wizard on Nov 16, 2023.
             Was a Believer of Vehumet.
             Demolished by a dire elephant (34 damage)
             ... in a bailey.
             The game lasted 00:21:20 (10110 turns).

pokeman the Thaumaturge (Deep Elf Hedge Wizard)    Turns: 10110, Time: 00:21:21

Health: -21/56     AC:  9    Str:  7    XL:     10   Next: 41%
Magic:  15/28      EV: 13    Int: 24    God:    Vehumet [**....]
Gold:   734        SH:  0    Dex: 20    Spells: 20/34 levels left

rFire   . . .        D - +5 rapier of Outrage {heavy, rPois rN+ Dex+6}
rCold   . . .        (no shield)
rNeg    + + .        A - +0 steam dragon scales
rPois   +            E - +0 helmet
rElec   .            (no cloak)
rCorr   .            I - +0 pair of gloves
SInv    .            u - +0 pair of boots
Will    +....        (no amulet)
Stlth   +++          i - ring of positive energy
HPRegen 0.29/turn    k - ring of poison resistance
MPRegen 0.21/turn

%: no passive effects
@: no status effects
A: no striking features
a: Renounce Religion


You were in a bailey.
You worshipped Vehumet.
Vehumet was pleased with you.
You visited 2 branches of the dungeon, and saw 10 of its levels.
You also visited: Bailey.

You collected 734 gold pieces.

Inventory:

Hand Weapons
 C - a +2 whip of electrocution
 D - the +5 rapier of Outrage (weapon) {heavy, rPois rN+ Dex+6}
   (You found it on level 8 of the Dungeon)

   Dex+6:     It affects your dexterity (+6).
   rPois:     It protects you from poison rN+: It protects you from negative
   energy.
 F - the +10 dagger of Zyzuugga {drain, rElec rF- Str+3 Stlth+}
   (You found it on level 9 of the Dungeon)

   Str+3:     It affects your strength (+3).
   rF-:       It makes you vulnerable to fire.
   rElec:     It insulates you from electricity.
   Stlth+:    It makes you more stealthy.
Armour
 u - a +0 pair of boots (worn)
 A - +0 steam dragon scales (worn)
 B - the +0 robe of Puikaera {rN+ Int-4 Dex+4 Archmagi}
   (You found it on level 7 of the Dungeon)

   Int-4:     It affects your intelligence (-4).
   Dex+4:     It affects your dexterity (+4).
   rN+:       It protects you from negative energy.
   Archmagi:  It increases the power of your magical spells.
 E - a +0 helmet (worn)
 G - a +0 buckler
 I - a +0 pair of gloves (worn)
Jewellery
 i - a ring of positive energy (left hand)
 k - a ring of poison resistance (right hand)
Wands
 b - a wand of digging (6)
 c - a wand of charming (2)
 w - a wand of polymorph (3)
 K - a wand of roots (6)
Scrolls
 a - 3 scrolls of enchant weapon {unknown}
 e - 6 scrolls of teleportation {unknown}
 h - 2 scrolls of fear {unknown}
 j - a scroll of blinking {unknown}
 l - 4 scrolls of vulnerability {unknown}
 m - a scroll of acquirement {unknown}
 o - 5 scrolls of identify {unknown}
 p - 2 scrolls of enchant armour {unknown}
 r - 2 scrolls of revelation {unknown}
 s - 2 scrolls of noise {unknown}
 t - 5 scrolls of poison {unknown}
 y - 2 scrolls of fog {unknown}
 z - a scroll of amnesia {unknown}
 L - a scroll of butterflies {unknown}
Potions
 d - 2 potions of magic
 f - 3 potions of curing {unknown}
 g - 2 potions of haste {unknown}
 n - a potion of heal wounds {unknown}
 q - 5 potions of degeneration {unknown}
 v - 2 potions of resistance {unknown}
 x - 3 potions of brilliance {unknown}
 H - 2 potions of cancellation {unknown}
 J - a potion of attraction {unknown}


   Skills:
 + Level 4.1 Fighting
 - Level 3.0 Armour
 - Level 3.0 Dodging
 - Level 3.0 Stealth
 * Level 12.8 Spellcasting
 + Level 9.4 Conjurations
 - Level 1.1 Summonings
 - Level 1.1 Translocations
 + Level 3.2 Fire Magic
 - Level 1.0 Air Magic
 + Level 5.0 Earth Magic
 - Level 1.0 Poison Magic
 - Level 1.0 Evocations


You had 20 spell levels left.
You knew the following spells:

 Your Spells              Type           Power      Damage    Failure   Level
a - Magic Dart            Conj           100%       1d8       1%          1
b - Mephitic Cloud        Conj/Pois/Air  33%        N/A       2%          3
c - Call Imp              Summ           40%        N/A       3%          2
d - Blink                 Tloc           40%        N/A       3%          2
e - Foxfire               Conj/Fire      100%       2x1d9     1%          1
f - Lee's Rapid Deconstr  Erth           19%        3d11*     14%         5

Your spell library contained the following spells:

 Spells                   Type           Power      Damage    Failure   Level
 Ignite Poison            Fire/Tmut/Pois 22%        N/A       7%          3
 Slow                     Hex            60%        N/A       4%          1
 Cigotuvi's Dreadful Rot  Necr/Pois/Air  36%        N/A       4%          2
 Animate Armour           Summ/Erth      60%        N/A       11%         4
 Summon Lightning Spire   Summ/Air       20%        N/A       26%         4


Dungeon Overview and Level Annotations

Branches:
Dungeon (9/15)             Temple (1/1) D:6          Bailey (1/1)
   Lair: D:8-11         Orc: D:9-12

Altars:
Ashenzari
Cheibriados
Dithmenos
Elyvilon
Fedhas
Gozag
Hepliaklqana
Kikubaaqudgha
Makhleb
Nemelex Xobeh
Okawaru
Qazlal
Ru
Trog
Uskayaw
Vehumet
Wu Jian
Xom
Yredelemnul
Zin
The Shining One


Message History

Your cerulean imp barely misses the orc warlord.
Unknown command.
Unknown command.
Aiming: Polymorph
Press: ? - help, Shift-Dir - straight line, f - orc warlord
Aim: an orc warlord, wielding a +4 broad axe and wearing a +0 chain mail (noxious fumes, ally target, will become an emperor scorpion, a ghost moth, or a dire elephant, chance to affect: 19%)
The orc warlord evaporates and reforms as a dire elephant!
The dire elephant is engulfed in noxious fumes.
You feel ready to blink again.
Your cerulean imp hits the dire elephant from afar with a -2 spear.
The dire elephant is engulfed in noxious fumes.
Casting: Mephitic Cloud (dangerous; 2% risk of failure)
Confirm with . or Enter, or press ? or * to list all spells.
Aiming: Mephitic Cloud (dangerous; 2% risk of failure)
Press: ? - help, Shift-Dir - straight line, f/p - dire elephant
Aim: a dire elephant (lightly wounded, ally target, chance to affect: 29%)
The ball explodes into a vile cloud!
The stinking cloud engulfs the dire elephant but does no damage.
The dire elephant is lightly wounded.
The dire elephant is engulfed in noxious fumes.
The dire elephant appears confused.
Unknown command.
Aiming: Fastroot
Press: ? - help, Shift-Dir - straight line, f/p - dire elephant
Aim: a dire elephant (lightly wounded, confused, ally target)
The roots erupt in riotous growth!
Roots grab the dire elephant.
Your cerulean imp is unaffected.
The grasping roots constrict the dire elephant.
Your cerulean imp hits the dire elephant but does no damage.
The dire elephant struggles to escape constriction.
Unknown command.
The grasping roots constrict the dire elephant.
Your cerulean imp hits the dire elephant but does no damage.
The dire elephant escapes!
Your cerulean imp hits the dire elephant but does no damage.
Your cerulean imp hits the dire elephant but does no damage.
The dire elephant tramples you!!
Ouch! That really hurt!
You die...

♣≈≈#..8..8....'.o.))((.
♣≈≈#........#########..
♣≈≈##......##~~~#~~~###
♣...##...(.#~}.....~#~~
♣....##....#~?........~
♣♣.....#....##8.8...8.8~
♣..(...'.....#.........~
♣∩.)5)Y).....#....∩....~
♣..(...@.....#.........~
♣♣.....#()..##8.8...8.8~
♣....##....#~!........~
♣...##.....#~|.....~#~~
♣≈≈##......##~~~#~~~###
♣≈≈#........#########..
♣≈≈#..8..8....'.....'..
♣≈≈#..........#~~~~~#..
♣≈≈##.........#~~~~~#..


You could see a dire elephant (confused, ally target) and a friendly cerulean
imp (summoned).

Vanquished Creatures
  A two-headed ogre (D:9)
  Pikel (D:7)
  Maggie (D:6)
  Grinder (D:4)
  A hornet (D:7)
  Sigmund (D:4)
  A wraith (D:9)
  A steam dragon (D:8)
  A water moccasin (D:6)
  A sky beast (D:7)
  An ice beast (D:8)
  3 orc warriors (Bailey)
  A black bear (D:6)
  3 ogres
  A centaur (D:8)
  2 phantoms
  A lemure (D:7)
  4 kobold brigands
  2 bullfrogs
  3 scorpions
  5 killer bees (D:9)
  4 howler monkeys
  7 hounds
  2 jellies
  7 orc priests
  3 iguanas
  6 orc wizards
  2 sleepcaps
  9 gnolls
  11 adders
  2 white imps (D:7)
  4 ufetubi (D:5)
  2 worms (D:2)
  29 orcs
  8 ball pythons
  7 endoplasms
  4 giant cockroaches
  12 goblins
  5 hobgoblins
  A jackal (D:3)
  28 kobolds
  3 quokkas
  10 bats
  4 frilled lizards
  5 rats
211 creatures vanquished.

Vanquished Creatures (collateral kills)
  A centaur (D:5)
  A killer bee (D:9)
2 creatures vanquished.

Vanquished Creatures (others)
  295 foxfires
295 creatures vanquished.

Grand Total: 508 creatures vanquished

Notes
Turn   | Place    | Note
-------+----------+-------------------------------------------
     0 | D:1      | pokeman the Deep Elf Hedge Wizard began the quest for the
                  | Orb.
     0 | D:1      | Reached XP level 1. HP: 10/10 MP: 7/7
   268 | D:1      | Reached XP level 2. HP: 16/16 MP: 5/9
   926 | D:1      | Reached skill level 5 in Spellcasting
  1216 | D:2      | Reached XP level 3. HP: 20/20 MP: 1/11
  1220 | D:2      | Learned a level 3 spell: Mephitic Cloud
  1223 | D:2      | Learned a level 2 spell: Call Imp
  1226 | D:2      | Learned a level 2 spell: Blink
  1344 | D:2      | Reached skill level 1 in Fighting
  1414 | D:2      | Reached skill level 1 in Armour
  2367 | D:3      | Reached XP level 4. HP: 25/25 MP: 9/13
  3463 | D:4      | Noticed Sigmund
  3480 | D:4      | Noticed Grinder
  3482 | D:4      | Paralysed by Grinder for 5 turns
  3505 | D:4      | Reached skill level 6 in Spellcasting
  3557 | D:4      | Reached XP level 5. HP: 27/29 MP: 5/15
  3572 | D:4      | Killed Sigmund
  3573 | D:4      | Reached XP level 6. HP: 34/34 MP: 3/17
  3583 | D:4      | Killed Grinder
  3708 | D:4      | Reached XP level 7. HP: 38/38 MP: 12/18
  3961 | D:4      | Reached skill level 1 in Air Magic
  3961 | D:4      | Reached skill level 1 in Poison Magic
  4165 | D:4      | Reached skill level 7 in Spellcasting
  4875 | D:5      | Entered Level 5 of the Dungeon
  5120 | D:5      | Reached skill level 8 in Spellcasting
  5120 | D:5      | Reached XP level 8. HP: 33/44 MP: 14/22
  5794 | D:5      | Found an opulent altar of Gozag.
  5859 | D:5      | Reached skill level 9 in Spellcasting
  6423 | D:6      | Learned a level 5 spell: Lee's Rapid Deconstruction
  6461 | D:6      | Reached skill level 1 in Earth Magic
  6461 | D:6      | Reached skill level 1 in Evocations
  6655 | D:6      | Found a staircase to the Ecumenical Temple.
  6668 | Temple   | Entered the Ecumenical Temple
  6673 | Temple   | Became a worshipper of Vehumet
  6707 | D:6      | Noticed Maggie
  6722 | D:6      | Killed Maggie
  6723 | D:6      | Reached skill level 10 in Spellcasting
  6723 | D:6      | Reached XP level 9. HP: 48/48 MP: 19/25
  7577 | D:7      | Identified the +0 robe of Puikaera {rN+ Int-4 Dex+4
                  | Archmagi}
  7579 | D:7      | Noticed Pikel
  7595 | D:7      | Killed Pikel
  7596 | D:7      | Reached skill level 11 in Spellcasting
  7755 | D:7      | Paralysed by a hornet for 2 turns
  7785 | D:7      | Reached * piety under Vehumet
  7785 | D:7      | Offered knowledge of Foxfire by Vehumet.
  7788 | D:7      | Learned a level 1 spell: Foxfire
  8200 | D:7      | Reached skill level 1 in Fire Magic
  8522 | D:8      | Identified the +5 rapier of Outrage {heavy, rPois rN+
                  | Dex+6}
  8991 | D:8      | Reached skill level 12 in Spellcasting
  8991 | D:8      | Reached XP level 10. HP: 53/56 MP: 20/28
  9315 | D:9      | Reached ** piety under Vehumet
  9315 | D:9      | Offered knowledge of Shock by Vehumet.
  9317 | D:9      | Noticed a two-headed ogre
  9323 | D:9      | Identified the +10 dagger of Zyzuugga {drain, rElec rF-
                  | Str+3 Stlth+}
  9591 | D:9      | Killed a two-headed ogre
  9637 | D:9      | Found a flagged portal.
  9648 | Bailey   | Entered a bailey
  9761 | Bailey   | Noticed an orc warlord
  9776 | Bailey   | Offered knowledge of Ignite Poison by Vehumet.
  9792 | Bailey   | Reached skill level 5 in Earth Magic
  9917 | Bailey   | Found a runed translucent gate.
  9920 | Bailey   | Found a runed translucent gate.
  9921 | Bailey   | Found a runed translucent gate.
 10103 | Bailey   | an orc warlord changed into a dire elephant
 10103 | Bailey   | Noticed a dire elephant
 10110 | Bailey   | Demolished by a dire elephant

Illustrated notes

Levels and vault maps discovered:
D:1:      tarquinn_simple_flora_water_d, layout_basic, serial_park_tiny_1
D:2:      layout_basic
D:3:      layout_loops_ring, minmay_between
D:4:      layout_layer_cave, uniq_grinder, uniq_sigmund
D:5:      layout_loops_cross, nicolae_overflow_hidden_temple
D:6:      minmay_skewed_foursquare, layout_gridville,
          minmay_temple_entry_gardened_gates, nicolae_figureground_sparkle,
          uniq_maggie
D:7:      layout_cave_pools, uniq_pikel
D:8:      layout_loops_cross
D:9:      layout_basic, enter_bailey_3
Temple:   nicolae_temple_bog_church
Bailey:   bailey_axe_bossmonster_kennysheep, bailey

Skill      XL: |  1  2  3  4  5  6  7  8  9 10 |
---------------+-------------------------------+-----
Spellcasting   | 5 6 8 10 12 | 12.8
Fighting       | 1 2 3 4 |  4.1
Armour         | 1 2 3 |  3.0
Conjurations   | 2 4 6 7 8 9 |  9.4
Stealth        | 3 |  3.0
Dodging        | 3 |  3.0
Air Magic      | 1 |  1.0
Poison Magic   | 1 |  1.0
Earth Magic    | 2 4 5 |  5.0
Evocations     | 1 |  1.0
Fire Magic     | 2 3 |  3.2
Summonings     | |  1.1
Translocations | |  1.1

Action                     |  1- 3 |  4- 6 |  7- 9 | 10-12 || total
---------------------------+-------+-------+-------+-------++-------
  Melee: Dagger            |     2 |     1 |       |       ||     3
         Short sword       |       |    26 |    66 |       ||    92
         Punch             |       |       |     3 |       ||     3
         Morningstar       |       |       |    14 |       ||    14
         Whip              |       |       |    10 |       ||    10
         Rapier            |       |       |     6 |    21 ||    27
   Cast: Magic Dart        |   114 |    50 |   243 |     1 ||   408
         Mephitic Cloud    |       |     4 |    25 |     8 ||    37
         Call Imp          |       |     2 |     5 |     2 ||     9
         Blink             |       |       |     1 |     1 ||     2
         Foxfire           |       |       |    80 |    92 ||   172
  Evoke: Wand              |       |       |       |     5 ||     5
   Stab: Confused          |       |     2 |    10 |     1 ||    13
         Distracted        |       |     1 |       |       ||     1
         Sleeping          |       |     1 |       |       ||     1
 Armour: Robe              |     5 |     9 |    68 |       ||    82
         Steam dragon scal |       |       |    37 |    30 ||    67
         Skin              |       |       |     2 |       ||     2
  Dodge: Dodged            |     8 |    20 |   119 |    26 ||   173

Table legend: (Time is in decaauts)
 A = Elapsed time spent in this place.
 B = Non-inter-level travel time spent in this place.
 C = Inter-level travel time spent in this place.
 D = Time resting spent in this place.
 E = Time spent auto-exploring this place.
 F = Levels seen in this place.
 G = Mean time per level.
                   A        B        C        D        E       F      G
               +--------+--------+--------+--------+--------+-----+--------+
         Total |  10174 |   9935 |    239 |     82 |   8075 |  11 |  924.9 |
       Dungeon |   9688 |   9453 |    235 |     29 |   7829 |   9 | 1076.4 |
        Temple |     10 |      6 |      4 |      0 |      0 |   1 |   10.0 |
        Bailey |    476 |    476 |      0 |     53 |    246 |   1 |  476.0 |
               +--------+--------+--------+--------+--------+-----+--------+

Top non-repeatable levels by time:
     D:4: 1645 daAuts
     D:5: 1281 daAuts
     D:1: 1199 daAuts
     D:7: 1148 daAuts
     D:6: 1141 daAuts
     D:3: 1015 daAuts
     D:2: 1011 daAuts
     D:8: 828 daAuts
  Bailey: 476 daAuts
     D:9: 416 daAuts
  Temple: 10 daAuts
